 Dungeon Crawl Stone Soup version 0.31-a0-182-gc5ef74bbde (webtiles) character file.

Game seed: 13134564805973730298

42 qw the Chopper (level 3, 0/23 HPs)
             Began as a Gargoyle Fighter on June 20, 2023.
             Slain by an iguana (2 damage)
             ... on level 2 of the Dungeon.
             The game lasted 00:00:39 (838 turns).

qw the Chopper (Gargoyle Fighter)                    Turns: 838, Time: 00:00:40

Health: 0/23       AC: 12    Str: 21    XL:     3   Next: 54%
Magic:  3/3        EV:  7    Int:  8    God:
Gold:   66         SH:  4    Dex:  9    Spells: 2/2 levels left

rFire   . . .        Y - +0 war axe
rCold   . . .        c - +0 buckler
rNeg    + . .        e - +0 chain mail
rPois   inf          (no helmet)
rElec   +            (no cloak)
rCorr   .            (no gloves)
SInv    .            (no boots)
Will    .....        (no amulet) Stlth
                     (no ring)
HPRegen 0.23/turn    (no ring)
MPRegen 0.08/turn

%: no passive effects
@: no status effects
A: sickness immunity, AC +3, negative energy resistance 1, electricity
resistance, torment resistance 1, petrification resistance
a: no special abilities


You were on level 2 of the Dungeon.
You visited 1 branch of the dungeon, and saw 2 of its levels.

You collected 66 gold pieces.


Innate Abilities, Weirdness & Mutations

You are immune to sickness and miasma.
Your stone body is resilient. (AC +3)
You are immune to poison.
You resist negative energy. (rN+)
You are resistant to electric shocks. (rElec)
You are resistant to unholy torment.
You are immune to petrification.


   Skills:
 - Level 3.2 Fighting
 + Level 3.4 Axes
 - Level 3.2 Armour
 - Level 3.2 Shields


You had 2 spell levels left.
You didn't know any spells.
Your spell library was empty.

Inventory:

Hand Weapons
 f - a +0 club
 Y - a +0 war axe (weapon)
Armour
 c - a +0 buckler (worn)
 e - a +0 chain mail (worn)
Potions
 d - a potion of might
 h - a potion of brilliance {unknown}
 j - a potion of magic {unknown}

Dungeon Overview and Level Annotations

Branches:
Dungeon (2/15)

Altars:
Makhleb

Shops:
D:1 *(?([

Annotations:
D:2 Sigmund


Message History

Sigmund hits you with a +0 scythe!
You hit Sigmund.
Sigmund is almost dead.
You closely miss the giant cockroach.
The giant cockroach bites you but does no damage. x2
You hit Sigmund but do no damage.
Sigmund is almost dead.
You slash the giant cockroach!
You kill the giant cockroach!
Sigmund hits you but does no damage.
You barely miss Sigmund.
Sigmund is almost dead.
You hit the iguana but do no damage.
Sigmund mumbles some strange words.
Sigmund flickers and vanishes!
Deactivating autopickup; reactivate with Ctrl-A.
The iguana bites you!
You hear some strange, mumbled words.
You are confused.
The iguana barely misses you. The iguana bites you.
Something hits you but does no damage.
The iguana bites you but does no damage.
Something hits you but does no damage. The iguana barely misses you.
The iguana bites you but does no damage.
You hear some strange, mumbled words.
A magic dart appears from out of thin air!
The magic dart hits you.
You feel less confused.
The iguana bites you but does no damage.
You hear some strange, mumbled words.
A magic dart appears from out of thin air!
The magic dart hits you.
You slash the iguana!
The iguana is heavily wounded.
You closely miss something.
You hear some strange, mumbled words.
A magic dart appears from out of thin air!
The magic dart hits you but does no damage.
The iguana bites you.
You die...

.....# #..#.# #..#.#
..#.# .... #..# #l{#
#.@# #..# #..#
######..####### ##
..............# ...
######..#####.###.......
#......)..##.......
#.######........... #.
#..##.......


You could see an iguana.

Vanquished Creatures
  A dart slug (D:1)
  5 ball pythons
  6 endoplasms (D:1)
  3 giant cockroaches
  2 goblins (D:1)
  7 hobgoblins
  5 kobolds
  A quokka (D:2)
  A bat (D:1)
  A frilled lizard (D:1)
  3 rats (D:1)
35 creatures vanquished.

Notes
Turn   | Place    | Note
-------+----------+-------------------------------------------
     0 | D:1      | qw the Gargoyle Fighter began the quest for the Orb.
     0 | D:1      | Reached XP level 1. HP: 14/14 MP: 1/1
     0 | D:1      | 0 ||| qw: Version: 0.3-a-9-g12657ce
     0 | D:1      | 0 ||| qw: Game counter: 1211
     0 | D:1      | 0 ||| qw: Always use a shield: true
     0 | D:1      | 0 ||| qw: God list: Okawaru
     0 | D:1      | 0 ||| qw: Allow faded altars: false
     0 | D:1      | 0 ||| qw: Do Orc after D:15 true
     0 | D:1      | 0 ||| qw: Do second Lair branch before Depths: true
     0 | D:1      | 0 ||| qw: Lair rune preference: random
     0 | D:1      | 0 ||| qw: Plans: Normal, Zot:1-4, Slime:5, God:TSO, Crypt,
                  | Tomb, Abyss, Pan, Hells, Win
     0 | D:1      | 0 ||| PLANNING D:1-11
    89 | D:1      | Found Reoczoqa's Assorted Antiques.
    92 | D:1      | 92 ||| SHOPLISTING blue potion (27 gold, have 10).
    92 | D:1      | 92 ||| SHOPLISTING orange potion (27 gold, have 10).
    92 | D:1      | 92 ||| SHOPLISTING shiny peridot ring (155 gold, have 10).
    97 | D:1      | 97 ||| Stepping ~*~*~tactically~*~*~ (stealth).
   108 | D:1      | Reached XP level 2. HP: 8/19 MP: 2/2
   174 | D:1      | Found Tyumme's Magic Scroll Boutique.
   178 | D:1      | 178 ||| FLEEEEING.
   179 | D:1      | 179 ||| FLEEEEING.
   180 | D:1      | 180 ||| FLEEEEING.
   181 | D:1      | 181 ||| FLEEEEING.
   182 | D:1      | 182 ||| FLEEEEING.
   183 | D:1      | 183 ||| FLEEEEING.
   184 | D:1      | 184 ||| FLEEEEING.
   185 | D:1      | 185 ||| FLEEEEING.
   186 | D:1      | 186 ||| FLEEEEING.
   187 | D:1      | 187 ||| FLEEEEING.
   188 | D:1      | 188 ||| FLEEEEING.
   229 | D:1      | 229 ||| SHOPLISTING scroll of identify (24 gold, have 10).
   236 | D:1      | Found Vinicraun's Antique Armour Shop.
   244 | D:1      | 244 ||| SHOPLISTING pearl dragon scales (3000 gold, have
                  | 10).
   244 | D:1      | 244 ||| SHOPLISTING plate armour (690 gold, have 10).
   244 | D:1      | 244 ||| SHOPLISTING shiny scale mail (210 gold, have 10).
   276 | D:1      | Found Inifuruo's Antique Weapon Boutique.
   285 | D:1      | 285 ||| SHOPLISTING mace (78 gold, have 22).
   307 | D:1      | Reached skill level 3 in Axes
   307 | D:1      | 307 ||| FLEEEEING.
   308 | D:1      | 308 ||| FLEEEEING.
   309 | D:1      | 309 ||| FLEEEEING.
   345 | D:1      | Found Upiode's Antique Weapon Boutique.
   353 | D:1      | Reached XP level 3. HP: 23/23 MP: 3/3
   358 | D:1      | 358 ||| SHOPLISTING scorched whip (202 gold, have 22).
   430 | D:1      | Found a faded altar of an unknown god.
   640 | D:1      | Found a burning altar of Makhleb.
   643 | D:1      | 643 ||| UPGRADING to +0 chain mail.
   653 | D:1      | 653 ||| DROPPING +0 scale mail.
   654 | D:1      | 654 ||| READING scroll labelled LUVVIS PIGAFFOUL.
   655 | D:1      | 655 ||| READING scroll labelled TAZEDAL LYRIU.
   680 | D:2      | 680 ||| STAIRDANCE
   797 | D:2      | 797 ||| Stepping ~*~*~tactically~*~*~ (hiding).
   820 | D:2      | Noticed Sigmund
   832 | D:2      | HP: 5/23 [iguana (7)]
   837 | D:2      | HP: 2/23 [something/magic dart (2)]
   838 | D:2      | Slain by an iguana

Levels and vault maps discovered:
D:1:      dpeg_arrival_water_altar, layout_rooms, serial_shops,
          nicolae_shop_behind_doors, nicolae_shop_overgrown_old_shop, shop,
          shop, nicolae_shop_tiny_waterfront,
          hellmonk_ecumenical_altar_slurped_away, serial_park_tiny_pond,
          st_stairs_6
D:2:      layout_loops_ring, grunt_ministairs_4, uniq_sigmund

Skill      XL: |  1  2 |
---------------+-------+-----
Axes           | 2 3 |  3.4
Fighting       | |  3.2
Armour         | |  3.2
Shields        | |  3.2

Action                     || total
---------------------------++-------
  Melee: War axe           ||   104
    Use: Scroll            ||     2
 Armour: Scale mail        ||    40
         Chain mail        ||    34
  Dodge: Dodged            ||    40
  Block: Buckler           ||    26

Table legend:
 A = Non-vault XP
 B = Vault XP
 C = Vault XP percentage of total XP
 D = Non-vault monster count
 E = Vault monster count
 F = Vault count percentage of total count
                 A         B        C        D         E       F
            +---------+---------+-------+---------+---------+-------
      Total |      52 |       8 |  13.3 |      30 |       5 |  14.3
            +---------+---------+-------+---------+---------+-------
        D:1 |      46 |       4 |   8.0 |      26 |       3 |  10.3
        D:2 |       6 |       4 |  40.0 |       4 |       2 |  33.3
            +---------+---------+-------+---------+---------+-------
